 Dungeon Crawl Stone Soup version 0.27.1-33-g824d729ab1 (webtiles) character file.

Game seed: 6870364192199379208

23 snilloc10 the Poker (level 2, 0/25 HPs)
             Began as a Minotaur Gladiator on Nov 29, 2021.
             Slain by a worm (9 damage)
             ... on level 1 of the Dungeon.
             The game lasted 00:01:34 (920 turns).

snilloc10 the Poker (Minotaur Gladiator)             Turns: 920, Time: 00:01:35

Health: 0/25       AC:  3    Str: 18    XL:     2   Next: 75%
Magic:  1/1        EV: 12    Int:  5    God:
Gold:   77         SH:  0    Dex: 11    Spells: 1/1 levels left

rFire    . . .     SeeInvis .   a - +0 trident
rCold    . . .     Faith    .   (no shield)
rNeg     . . .     Spirit   .   b - +0 leather armour
rPois    .         Reflect  .   c - +0 hat
rElec    .         Harm     .   (no cloak)
rCorr    .         Rampage  .   (no gloves)
Will     .....                  (no boots)
Stlth    +.........             (no amulet)
HPRegen  0.08/turn              (no ring)
MPRegen  0.07/turn              (no ring)

@: no status effects
A: horns 2, retaliatory headbutt
a: no special abilities


You were on level 1 of the Dungeon.
You visited 1 branch of the dungeon, and saw 1 of its levels.

You collected 77 gold pieces.

Inventory:

Hand Weapons
 a - a +0 trident (weapon)
Missiles
 d - 3 throwing nets (quivered)
Armour
 b - a +0 leather armour (worn)
 c - a +0 hat (worn)
 g - a +0 helmet
Scrolls
 f - a scroll of enchant armour {unknown}
Potions
 e - a potion of degeneration {unknown}
 h - 2 potions of attraction {unknown}


   Skills:
 + Level 2.7 Fighting
 + Level 4.3 Polearms
 + Level 2.0 Throwing
 + Level 0.3 Armour
 + Level 3.6 Dodging


You had one spell level left.
You didn't know any spells.
Your spell library contained the following spells:

 Spells                   Type           Power      Damage    Failure   Level
 Magic Dart               Conj           0%         1d3       54%         1


Dungeon Overview and Level Annotations

Branches:
Dungeon (1/15)

Altars:


Innate Abilities, Weirdness & Mutations

You have a pair of horns on your head.
You reflexively headbutt those who attack you in melee.


Message History

The endoplasm hits you but does no damage.
You barely miss the jackal. Your headbutt misses the jackal.
The jackal bites you. x2
The endoplasm hits you but does no damage.
You hit the jackal.
The jackal is lightly wounded.
The jackal barely misses you. The endoplasm closely misses you.
The jackal barely misses you.
You barely miss the jackal.
You headbutt the jackal, but do no damage.
The jackal is lightly wounded.
The jackal misses you. You furiously retaliate!
You headbutt the jackal.
You kill the jackal!
The endoplasm freezes you.
You are frozen.
You hit the endoplasm.
You kill the endoplasm!
You hit the jackal. Your headbutt misses the jackal.
The jackal is almost dead.
The jackal barely misses you. You furiously retaliate!
You headbutt the jackal.
You kill the jackal!
You completely miss the giant cockroach.
The giant cockroach barely misses you. The giant cockroach closely misses you.
You hit the giant cockroach.
Your headbutt misses the giant cockroach.
The giant cockroach is heavily wounded.
The giant cockroach bites you but does no damage.
You puncture the giant cockroach!
You kill the giant cockroach!
You puncture the worm!
The worm is heavily wounded.
The jackal bites you but does no damage.
You hit the worm.
The worm is heavily wounded.
The jackal bites you but does no damage.
The worm misses you. The jackal bites you.
You hit the worm. You headbutt the worm!
The worm is almost dead.
The jackal bites you. The worm bites you!
You die...

####....##.############..##
#.......##...............#
#.##.#####..###########..##
#....[................#...#
#..###+#######'###...##.#.#
#..#..⌠...>...⌠..#......#..
#..#......<......#....####.
##.+⌠....###....⌠'.......#.
#.#......@h.....#...######
#.#######w#######...#≈≈≈≈#
#.#.....hwrJ.(. #...#≈≈≈≈#
#.#......J......#...'≈≈≈≈'
#.#...(.........#...#≈≈≈≈#
#.###############..##≈≈≈≈#
#..................#######
###########.######....#
#.......###.#


You could see 2 worms, 2 endoplasms, 2 jackals and a rat.

Vanquished Creatures
  4 endoplasms (D:1)
  3 giant cockroaches (D:1)
  3 goblins (D:1)
  2 jackals (D:1)
  A kobold (D:1)
  2 ball pythons (D:1)
  3 bats (D:1)
  A frilled lizard (D:1)
  2 rats (D:1)
21 creatures vanquished.

Vanquished Creatures (others)
  A plant (D:1)
1 creature vanquished.

Grand Total: 22 creatures vanquished

Notes
Turn   | Place    | Note
-------+----------+-------------------------------------------
     0 | D:1      | snilloc10 the Minotaur Gladiator began the quest for the
                  | Orb.
     0 | D:1      | Reached XP level 1. HP: 18/18 MP: 0/0
     1 | D:1      | Found a runed translucent door.
   260 | D:1      | Found a faded altar of an unknown god.
   264 | D:1      | Got Plato's Catalogue of Combat Magic
   424 | D:1      | Reached skill level 4 in Polearms
   479 | D:1      | Reached XP level 2. HP: 24/25 MP: 1/1
   920 | D:1      | Slain by a worm

Illustrated notes

Levels and vault maps discovered:
D:1:      dpeg_arrival_caged_fury, layout_basic,
          shapermc_ecumenical_altar_rom_forum, serial_rivers,
          chequers_serial_rivers_large_b, chequers_serial_rivers_room_b,
          chequers_serial_rivers_large_a, chequers_serial_rivers_room_b,
          chequers_serial_rivers_micro_e, minmay_ruptured

Skill      XL: |  1 |
---------------+----+-----
Polearms       | 4 |  4.3
Fighting       | |  2.7
Throwing       | |  2.0
Armour         | |  0.3
Dodging        | |  3.6

Action                   || total
-------------------------++-------
Melee: Trident           ||    71
       Headbutt          ||    11
Armor: Leather armour    ||    17
Dodge: Dodged            ||    39
